TOP OF THE 1ST |
Tri-City Dust Devils batting - Pitching for Eugene Emeralds : RHP Dwight Bean
|
Pitching: RHP Dwight Bean
|
|
Batting: RHB Dave McBain
|
0-0: Ground out 6-3 (Groundball, 6, EV 86.2 MPH)
|
Batting: LHB Jeff Trapp
|
0-0: Bunt for hit to P - play at first, batter safe!
|
Batting: LHB Tony Contreras
|
0-0: Ball Jeff Trapp steals 2nd base 1-0: Called Strike 1-1: Ball 2-1: DOUBLE (Line Drive, 8RXD, EV 102.5 MPH) Jeff Trapp scores
|
Batting: SHB Manny Berrones
|
0-0: Called Strike 0-1: Foul Ball, location: 2F 0-2: Ball 1-2: Strikes out swinging
|
Batting: RHB Hector Fernandez
|
0-0: Called Strike 0-1: Foul Ball, location: 2F 0-2: Strikes out swinging
|
Top of the 1st over - 1 run, 2 hits, 0 errors, 1 left on base; Tri-City 1 - Eugene 0 |
BOTTOM OF THE 1ST |
Eugene Emeralds batting - Pitching for Tri-City Dust Devils : RHP Zach Monlux
|
Pitching: RHP Zach Monlux
|
|
Batting: RHB Du Kim
|
0-0: Foul Ball, location: 2F 0-1: Ball 1-1: Ball 2-1: Called Strike 2-2: Ball 3-2: Foul Ball, location: 2F 3-2: Foul Ball, location: 2F 3-2: DOUBLE (Flyball, 78XD, EV 101.2 MPH)
|
Batting: RHB Bill Holmes
|
0-0: Fly out, F9 (Flyball, 9, EV 87.5 MPH)
|
Batting: RHB Taylor Garofalo
|
0-0: Ball 1-0: Called Strike 1-1: Foul Ball, location: 2F 1-2: Foul Ball, location: 2F 1-2: Foul Ball, location: 2F 1-2: Ball 2-2: Ball 3-2: Foul Ball, location: 2F 3-2: Fly out, F8 (Line Drive, 8RD, EV 84.4 MPH)
|
Batting: RHB Ryan Bush
|
0-0: Ball 1-0: Called Strike 1-1: Swinging Strike 1-2: Foul Ball, location: 2F 1-2: Foul Ball, location: 2F 1-2: Foul Ball, location: 2F 1-2: Strikes out swinging
|
Bottom of the 1st over - 0 runs, 1 hit, 0 errors, 1 left on base; Tri-City 1 - Eugene 0 |
TOP OF THE 2ND |
Tri-City Dust Devils batting - Pitching for Eugene Emeralds : RHP Dwight Bean
|
Batting: SHB Blake Abbott
|
0-0: Ball 1-0: Ball 2-0: Called Strike 2-1: Foul Ball, location: 2F 2-2: Foul Ball, location: 2F 2-2: Foul Ball, location: 2F 2-2: SINGLE (Flyball, 4D, EV 90.6 MPH)
|
Batting: RHB Paul Van Gilder
|
0-0: Swinging Strike 0-1: Ball 1-1: Foul Ball, location: 2F 1-2: Ball 2-2: Foul Ball, location: 2F 2-2: Foul Ball, location: 2F 2-2: Ball 3-2: Strikes out swinging
|
Pitching: RHP Dustin Buckner
|
|
Batting: RHB Ryan Marler
|
0-0: Ball 1-0: Ball 2-0: Foul Ball, location: 2F 2-1: Ball 3-1: Called Strike 3-2: Base on Balls Blake Abbott to second
|
Batting: RHB Max Stillo
|
0-0: Called Strike 0-1: Called Strike 0-2: Ball 1-2: Strikes out swinging
|
Batting: RHB Dave McBain
|
0-0: Ball 1-0: Swinging Strike 1-1: Foul Ball, location: 2F 1-2: Ball 2-2: Ball 3-2: Base on Balls Blake Abbott to third Ryan Marler to second
|
Batting: LHB Jeff Trapp
|
0-0: Ball 1-0: Swinging Strike 1-1: Ball 2-1: Called Strike 2-2: Ball 3-2: Base on Balls Blake Abbott scores Ryan Marler to third Dave McBain to second
|
Pitching: RHP Angel Pesina
|
|
Batting: LHB Tony Contreras
|
0-0: Ball 1-0: Ball 2-0: Ball 3-0: Base on Balls Ryan Marler scores Dave McBain to third Jeff Trapp to second
|
Batting: SHB Manny Berrones
|
0-0: Ball 1-0: SINGLE (Groundball, 34D, EV 110.0 MPH) Dave McBain scores Jeff Trapp to third Tony Contreras to second Runner from 3rd tries for Home, SAFE, throw by RF to home
|
Batting: RHB Hector Fernandez
|
0-0: Ball 1-0: Ball 2-0: Ball 3-0: Called Strike 3-1: Base on Balls Tony Contreras to third Manny Berrones to second
|
Batting: SHB Blake Abbott
|
0-0: Foul Ball, location: 2F 0-1: Fly out, F8 (Flyball, 8RD, EV 92.5 MPH)
|
Top of the 2nd over - 4 runs, 2 hits, 0 errors, 3 left on base; Tri-City 5 - Eugene 0 |
BOTTOM OF THE 2ND |
Eugene Emeralds batting - Pitching for Tri-City Dust Devils : RHP Zach Monlux
|
Batting: RHB Roy Battist
|
0-0: Called Strike 0-1: Swinging Strike 0-2: Foul Ball, location: 2F 0-2: Strikes out swinging
|
Batting: RHB Tim Long
|
0-0: Ball 1-0: Called Strike 1-1: Called Strike 1-2: Strikes out swinging
|
Batting: RHB Josh Asch
|
0-0: Called Strike 0-1: Foul Ball, location: 2F 0-2: Ball 1-2: Strikes out swinging
|
Bottom of the 2nd over - 0 runs, 0 hits, 0 errors, 0 left on base; Tri-City 5 - Eugene 0 |
TOP OF THE 3RD |
Tri-City Dust Devils batting - Pitching for Eugene Emeralds : RHP Angel Pesina
|
Batting: RHB Paul Van Gilder
|
0-0: Ball 1-0: Called Strike 1-1: Ball 2-1: Foul Ball, location: 2F 2-2: DOUBLE (Groundball, 5L, EV 107.5 MPH)
|
Pitching: RHP Carlos Zavala
|
|
Batting: RHB Ryan Marler
|
0-0: Ball 1-0: Ball 2-0: Ball 3-0: Base on Balls
|
Batting: RHB Max Stillo
|
0-0: Ball 1-0: Fly out, F3 (Popup, 3SF, EV 83.1 MPH)
|
Batting: RHB Dave McBain
|
0-0: Called Strike 0-1: Ball 1-1: Foul Ball, location: 2F 1-2: SINGLE (Groundball, 56S, EV 63.1 MPH) (infield hit) Paul Van Gilder to third Ryan Marler to second
|
Batting: LHB Jeff Trapp
|
0-0: Ball 1-0: Ball 2-0: Foul Ball, location: 2F 2-1: Called Strike 2-2: Foul Ball, location: 2F 2-2: Ball Wild Pitch! Paul Van Gilder scores Ryan Marler to third Dave McBain to second 3-2: Foul Ball, location: 2F 3-2: Strikes out swinging
|
Pitching: LHP Eddie Panagos
|
|
Batting: LHB Tony Contreras
|
0-0: Ball 1-0: Foul Ball, location: 2F 1-1: Swinging Strike 1-2: Foul Ball, location: 2F 1-2: Ball 2-2: Ball 3-2: Strikes out swinging
|
Top of the 3rd over - 1 run, 2 hits, 0 errors, 2 left on base; Tri-City 6 - Eugene 0 |
BOTTOM OF THE 3RD |
Eugene Emeralds batting - Pitching for Tri-City Dust Devils : RHP Zach Monlux
|
Batting: RHB Alvaro Romero
|
0-0: Called Strike 0-1: Ball 1-1: Ball 2-1: Swinging Strike 2-2: Strikes out swinging
|
Batting: RHB Jonathan Ridgely
|
0-0: Ball 1-0: Swinging Strike 1-1: Called Strike 1-2: Strikes out swinging
|
Batting: RHB Du Kim
|
0-0: Ball 1-0: Ball 2-0: Called Strike 2-1: Called Strike 2-2: Ball 3-2: Base on Balls
|
Batting: RHB Bill Holmes
|
0-0: Swinging Strike 0-1: Called Strike Du Kim steals 2nd base 0-2: Ball 1-2: Fly out, F8 (Flyball, 8LXD, EV 98.1 MPH)
|
Bottom of the 3rd over - 0 runs, 0 hits, 0 errors, 1 left on base; Tri-City 6 - Eugene 0 |
TOP OF THE 4TH |
Tri-City Dust Devils batting - Pitching for Eugene Emeralds : LHP Eddie Panagos
|
Batting: SHB Manny Berrones
|
0-0: Called Strike 0-1: Ball 1-1: Foul Ball, location: 2F 1-2: Strikes out swinging, 2-3 out at first.
|
Batting: RHB Hector Fernandez
|
0-0: Ball 1-0: Ball 2-0: Called Strike 2-1: Ball 3-1: Base on Balls
|
Batting: SHB Blake Abbott
|
0-0: Ball 1-0: Ball Hector Fernandez steals 2nd base 2-0: Ball 3-0: Called Strike 3-1: Base on Balls
|
Batting: RHB Paul Van Gilder
|
0-0: Called Strike 0-1: Ball 1-1: Ball 2-1: Ball 3-1: Base on Balls Hector Fernandez to third Blake Abbott to second
|
Batting: RHB Ryan Marler
|
0-0: Ball 1-0: Fielders Choice at 2nd, 5-4 (Groundball, 56S, EV 90.0 MPH) Hector Fernandez scores Blake Abbott to third
|
Batting: RHB Max Stillo
|
0-0: Ground out 5-3 (Groundball, 5S, EV 88.1 MPH)
|
Top of the 4th over - 1 run, 0 hits, 0 errors, 2 left on base; Tri-City 7 - Eugene 0 |
BOTTOM OF THE 4TH |
Eugene Emeralds batting - Pitching for Tri-City Dust Devils : RHP Zach Monlux
|
Batting: RHB Taylor Garofalo
|
0-0: Ball 1-0: Swinging Strike 1-1: Ground out 6-3 (Groundball, 6, EV 102.5 MPH)
|
Batting: RHB Ryan Bush
|
0-0: Ball 1-0: Called Strike 1-1: SINGLE (Groundball, 34D, EV 106.2 MPH)
|
Batting: RHB Roy Battist
|
0-0: Swinging Strike 0-1: Called Strike 0-2: Ball 1-2: Foul Ball, location: 2F 1-2: Foul Ball, location: 2F 1-2: Strikes out swinging
|
Batting: RHB Tim Long
|
0-0: Swinging Strike 0-1: Called Strike 0-2: Ball 1-2: Strikes out looking
|
Bottom of the 4th over - 0 runs, 1 hit, 0 errors, 1 left on base; Tri-City 7 - Eugene 0 |
TOP OF THE 5TH |
Tri-City Dust Devils batting - Pitching for Eugene Emeralds : LHP Eddie Panagos
|
Batting: RHB Dave McBain
|
0-0: SINGLE (Groundball, 56D, EV 106.2 MPH)
|
Batting: LHB Jeff Trapp
|
0-0: Foul Ball, location: 2F 0-1: Swinging Strike 0-2: Ball 1-2: Ball 2-2: Ball 3-2: Ground out U3 (Groundball, 34S, EV 82.5 MPH) Dave McBain to second
|
Batting: LHB Tony Contreras
|
0-0: Ball 1-0: Ball 2-0: Foul Ball, location: 2F 2-1: Ball 3-1: SINGLE (Flyball, 89S, EV 99.4 MPH) Dave McBain to third Runner from 3rd tries for Home, SAFE, throw by RF to home Tony Contreras to second
|
Batting: SHB Manny Berrones
|
0-0: Ball 1-0: Ball 2-0: Ball 3-0: Base on Balls
|
Batting: RHB Hector Fernandez
|
0-0: Ball 1-0: Ball 2-0: Ball 3-0: Base on Balls Tony Contreras to third Manny Berrones to second
|
Batting: SHB Blake Abbott
|
0-0: Called Strike 0-1: Swinging Strike 0-2: Ball 1-2: Strikes out swinging
|
Batting: RHB Paul Van Gilder
|
0-0: Called Strike 0-1: Ball 1-1: Ball 2-1: Ball 3-1: Base on Balls Tony Contreras scores Manny Berrones to third Hector Fernandez to second
|
Batting: RHB Ryan Marler
|
0-0: Ball 1-0: Foul Ball, location: 2F 1-1: Foul Ball, location: 2F 1-2: SINGLE (Line Drive, 7S, EV 110.0 MPH) Manny Berrones scores Hector Fernandez to third Paul Van Gilder to second
|
Pitching: RHP Juan Bonilla
|
|
Batting: RHB Max Stillo
|
0-0: Ball 1-0: DOUBLE (Groundball, 5L, EV 111.2 MPH) Hector Fernandez scores Paul Van Gilder scores Ryan Marler to third Runner from 3rd tries for Home, SAFE, no throw by LF
|
Batting: RHB Dave McBain
|
0-0: Called Strike 0-1: Ball 1-1: Ball 2-1: Ground out 4-3 (Groundball, 4, EV 83.1 MPH)
|
Top of the 5th over - 6 runs, 4 hits, 0 errors, 1 left on base; Tri-City 13 - Eugene 0 |
BOTTOM OF THE 5TH |
Eugene Emeralds batting - Pitching for Tri-City Dust Devils : RHP Zach Monlux
|
Batting: RHB Josh Asch
|
0-0: Called Strike 0-1: Ball 1-1: Called Strike 1-2: Strikes out looking
|
Batting: RHB Alvaro Romero
|
0-0: Swinging Strike 0-1: Ball 1-1: Foul Ball, location: 2F 1-2: Foul Ball, location: 2F 1-2: Ball 2-2: SINGLE (Flyball, 5D, EV 98.1 MPH) - OUT at second base trying to stretch hit.
|
Batting: RHB Jonathan Ridgely
|
0-0: Called Strike 0-1: Ball 1-1: Called Strike 1-2: Ball 2-2: Ball 3-2: Foul Ball, location: 2F 3-2: DOUBLE (Line Drive, 89D, EV 108.1 MPH)
|
Batting: RHB Du Kim
|
0-0: Ball 1-0: SINGLE (Groundball, 34D, EV 93.8 MPH) Jonathan Ridgely to third
|
Batting: RHB Bill Holmes
|
0-0: Ball 1-0: Foul Ball, location: 2F 1-1: Swinging Strike 1-2: Fly out, F7 (Flyball, 7LM, EV 79.4 MPH)
|
Bottom of the 5th over - 0 runs, 3 hits, 0 errors, 2 left on base; Tri-City 13 - Eugene 0 |
TOP OF THE 6TH |
Tri-City Dust Devils batting - Pitching for Eugene Emeralds : RHP Juan Bonilla
|
Batting: LHB Jeff Trapp
|
0-0: Ball 1-0: Called Strike 1-1: Ball 2-1: Ball 3-1: Base on Balls
|
Batting: LHB Tony Contreras
|
0-0: Ball 1-0: Called Strike 1-1: DOUBLE (Line Drive, 9LS, EV 112.5 MPH) Jeff Trapp to third Runner from 3rd tries for Home, SAFE, throw by RF to home
|
Batting: SHB Manny Berrones
|
0-0: DOUBLE (Flyball, 8LXD, EV 114.4 MPH) Tony Contreras scores
|
Batting: RHB Hector Fernandez
|
0-0: Ball 1-0: DOUBLE (Line Drive, 7LD, EV 101.9 MPH) Manny Berrones scores
|
Batting: SHB Blake Abbott
|
0-0: Ball 1-0: Ball 2-0: Ball 3-0: Base on Balls
|
Batting: RHB Paul Van Gilder
|
0-0: Foul Ball, location: 2F 0-1: Swinging Strike 0-2: Fly out, F9 (Flyball, 9D, EV 101.9 MPH) Runner from 2nd tags up, SAFE at 3rd, no throw by RF
|
Batting: RHB Ryan Marler
|
0-0: Ball 1-0: Ball 2-0: Ball 3-0: Base on Balls Blake Abbott to second
|
Batting: RHB Max Stillo
|
0-0: Ball 1-0: Ball Wild Pitch! Hector Fernandez scores Blake Abbott to third Ryan Marler to second 2-0: Foul Ball, location: 2F 2-1: Ball 3-1: Called Strike 3-2: Fly out, F6 (Line Drive, 6M, EV 68.8 MPH)
|
Batting: RHB Dave McBain
|
0-0: Ground out 6-3 (Groundball, 56D, EV 83.8 MPH)
|
Top of the 6th over - 4 runs, 3 hits, 0 errors, 2 left on base; Tri-City 17 - Eugene 0 |
BOTTOM OF THE 6TH |
Eugene Emeralds batting - Pitching for Tri-City Dust Devils : RHP Zach Monlux
|
Batting: RHB Taylor Garofalo
|
0-0: Ball 1-0: Foul Ball, location: 2F 1-1: Foul Ball, location: 2F 1-2: Ball 2-2: DOUBLE (Line Drive, 89M, EV 93.8 MPH)
|
Batting: RHB Ryan Bush
|
0-0: Called Strike 0-1: Ball 1-1: Called Strike 1-2: SINGLE (Flyball, 89S, EV 86.2 MPH) Taylor Garofalo to third Runner from 3rd tries for Home, SAFE, throw by CF to home
|
Batting: RHB Roy Battist
|
0-0: Ball 1-0: Fly out, F4 (Popup, 34, EV 57.5 MPH)
|
Pitching: RHP Påske Olmqvist
|
|
Batting: RHB Tim Long
|
0-0: Called Strike 0-1: Foul Ball, location: 2F 0-2: Ball 1-2: Foul Ball, location: 2F 1-2: Ball 2-2: Fly out, F8 (Flyball, 89M, EV 92.5 MPH)
|
Batting: RHB Josh Asch
|
0-0: Ball 1-0: Ball 2-0: Foul Ball, location: 2F 2-1: Foul Ball, location: 2F 2-2: Strikes out looking
|
Bottom of the 6th over - 1 run, 2 hits, 0 errors, 1 left on base; Tri-City 17 - Eugene 1 |
TOP OF THE 7TH |
Tri-City Dust Devils batting - Pitching for Eugene Emeralds : RHP Juan Bonilla
|
Batting: LHB Jeff Trapp
|
0-0: Ground out 3-1 (Groundball, 34, EV 84.4 MPH)
|
Batting: LHB Tony Contreras
|
0-0: Called Strike 0-1: Ball 1-1: Swinging Strike 1-2: Ball 2-2: Strikes out swinging
|
Pitching: RHP Josh Burns
|
|
Batting: SHB Manny Berrones
|
0-0: Ball 1-0: Ball 2-0: Called Strike 2-1: Foul Ball, location: 2F 2-2: Hit by Pitch
|
Batting: RHB Hector Fernandez
|
0-0: Called Strike 0-1: Ball 1-1: Ball 2-1: Ball 3-1: Base on Balls Manny Berrones to second
|
Batting: SHB Blake Abbott
|
0-0: Called Strike 0-1: Ball 1-1: Foul Ball, location: 2F 1-2: Ball 2-2: Foul Ball, location: 2F 2-2: Ground out 4-3 (Groundball, 4S, EV 71.2 MPH)
|
Top of the 7th over - 0 runs, 0 hits, 0 errors, 2 left on base; Tri-City 17 - Eugene 1 |
BOTTOM OF THE 7TH |
Eugene Emeralds batting - Pitching for Tri-City Dust Devils : RHP Påske Olmqvist
|
Batting: RHB Alvaro Romero
|
0-0: Ball 1-0: Foul Ball, location: 2F 1-1: Fly out, F9 (Flyball, 9D, EV 101.2 MPH)
|
Batting: RHB Jonathan Ridgely
|
0-0: Called Strike 0-1: Foul Ball, location: 2F 0-2: Foul Ball, location: 2F 0-2: Foul Ball, location: 2F 0-2: Foul Ball, location: 2F 0-2: Fly out, F8 (Flyball, 8LS, EV 91.2 MPH)
|
Pinch Hitting: RHB Mike Larson
|
0-0: Swinging Strike 0-1: Ball 1-1: Fly out, F9 (Line Drive, 89M, EV 100.0 MPH)
|
Bottom of the 7th over - 0 runs, 0 hits, 0 errors, 0 left on base; Tri-City 17 - Eugene 1 |
TOP OF THE 8TH |
Tri-City Dust Devils batting - Pitching for Eugene Emeralds : RHP Josh Burns
|
Now in CF: Mike Larson
|
|
Batting: RHB Paul Van Gilder
|
0-0: Ball 1-0: Ball 2-0: Ball 3-0: Base on Balls
|
Batting: RHB Ryan Marler
|
0-0: 2-RUN HOME RUN (Line Drive, 7D, EV 101.2 MPH), Distance : 371 ft
|
Batting: RHB Max Stillo
|
0-0: Ball 1-0: Ground out 5-3 (Groundball, 56S, EV 93.1 MPH)
|
Batting: RHB Dave McBain
|
0-0: Ball 1-0: Called Strike 1-1: Swinging Strike 1-2: Ball 2-2: Strikes out swinging
|
Batting: LHB Jeff Trapp
|
0-0: Called Strike 0-1: Foul Ball, location: 2F 0-2: Ball 1-2: Ball 2-2: Ball 3-2: Foul Ball, location: 2F 3-2: Base on Balls
|
Batting: LHB Tony Contreras
|
0-0: Ball 1-0: Ball 2-0: Ball 3-0: Base on Balls Jeff Trapp to second
|
Batting: SHB Manny Berrones
|
0-0: Fly out, F8 (Flyball, 8RS, EV 77.5 MPH)
|
Top of the 8th over - 2 runs, 1 hit, 0 errors, 2 left on base; Tri-City 19 - Eugene 1 |
BOTTOM OF THE 8TH |
Eugene Emeralds batting - Pitching for Tri-City Dust Devils : RHP Påske Olmqvist
|
Batting: RHB Bill Holmes
|
0-0: Called Strike 0-1: Foul Ball, location: 2F 0-2: Ball 1-2: Ground out 6-3 (Groundball, P, EV 84.4 MPH)
|
Batting: RHB Taylor Garofalo
|
0-0: TRIPLE (Line Drive, 78XD, EV 106.2 MPH)
|
Batting: RHB Ryan Bush
|
0-0: Ground out 5-3 (Groundball, 56S, EV 72.5 MPH) Taylor Garofalo scores
|
Batting: RHB Roy Battist
|
0-0: Ball 1-0: Ball 2-0: Swinging Strike 2-1: Called Strike 2-2: Foul Ball, location: 2F 2-2: Ball 3-2: Strikes out swinging
|
Bottom of the 8th over - 1 run, 1 hit, 0 errors, 0 left on base; Tri-City 19 - Eugene 2 |
TOP OF THE 9TH |
Tri-City Dust Devils batting - Pitching for Eugene Emeralds : RHP Josh Burns
|
Batting: RHB Hector Fernandez
|
0-0: Called Strike 0-1: Ball 1-1: Ball 2-1: Fly out, F9 (Line Drive, 9, EV 91.2 MPH)
|
Pitching: RHP Hugo Torrez
|
|
Batting: SHB Blake Abbott
|
0-0: Swinging Strike 0-1: Foul Ball, location: 2F 0-2: Ball 1-2: Ground out 6-3 (Groundball, 4M, EV 86.9 MPH)
|
Batting: RHB Paul Van Gilder
|
0-0: Foul Ball, location: 2F 0-1: Ball 1-1: Foul Ball, location: 2F 1-2: Ball 2-2: Ball 3-2: Foul Ball, location: 2F 3-2: SINGLE (Groundball, 4MD, EV 100.6 MPH)
|
Batting: RHB Ryan Marler
|
0-0: Ball 1-0: Swinging Strike Balk! Paul Van Gilder to second 1-1: Ball 2-1: Ball Wild Pitch! Paul Van Gilder to third 3-1: Base on Balls
|
Batting: RHB Max Stillo
|
0-0: Called Strike 0-1: Fielders Choice at 2nd, 5-4 (Groundball, 56, EV 78.8 MPH)
|
Top of the 9th over - 0 runs, 1 hit, 0 errors, 2 left on base; Tri-City 19 - Eugene 2 |
BOTTOM OF THE 9TH |
Eugene Emeralds batting - Pitching for Tri-City Dust Devils : RHP Påske Olmqvist
|
Pitching: RHP Colin Dorsey
|
|
Batting: RHB Tim Long
|
0-0: Foul Ball, location: 2F 0-1: Ball 1-1: Foul Ball, location: 2F 1-2: Ball 2-2: Foul Ball, location: 2F 2-2: Foul Ball, location: 2F 2-2: Ball 3-2: Strikes out swinging
|
Batting: RHB Josh Asch
|
0-0: Called Strike 0-1: Ball 1-1: Swinging Strike 1-2: Fly out, F8 (Flyball, 8RXD, EV 95.0 MPH)
|
Batting: RHB Alvaro Romero
|
0-0: Ball 1-0: Ball 2-0: Foul Ball, location: 2F 2-1: SINGLE (Line Drive, 9S, EV 93.1 MPH)
|
Batting: RHB Jonathan Ridgely
|
0-0: Ball 1-0: Called Strike 1-1: Ball Wild Pitch! Alvaro Romero to second 2-1: Ball Wild Pitch! Alvaro Romero to third 3-1: Foul Ball, location: 2F 3-2: Base on Balls
|
Batting: RHB Mike Larson
|
0-0: Called Strike 0-1: Swinging Strike 0-2: Strikes out swinging
|
Bottom of the 9th over - 0 runs, 1 hit, 0 errors, 2 left on base; Tri-City 19 - Eugene 2 |
|